 Dungeon Crawl Stone Soup version 0.29.1-2-gbd0b4ee654 (webtiles) character file.

Game seed: 1527012506787903001

443 safid the Shooter (level 6, -3/58 HPs)
             Began as a Minotaur Hunter on Nov 23, 2022.
             Slain by an iguana (5 damage)
             ... on level 4 of the Dungeon.
             The game lasted 00:04:19 (3148 turns).

safid the Shooter (Minotaur Hunter)                 Turns: 3148, Time: 00:04:19

Health: -3/58      AC:  4    Str: 16    XL:     6   Next: 71%
Magic:  5/5        EV: 12    Int:  6    God:
Gold:   55         SH:  0    Dex: 21    Spells: 5/5 levels left

rFire   . . .      SeeInvis .   t - +0 longbow
rCold   . . .      Faith    .   (shield currently unavailable)
rNeg    . . .      Spirit   .   c - +0 leather armour
rPois   +          Reflect  .   (helmet restricted)
rElec   .          Harm     .   (no cloak)
rCorr   .          Rampage  .   (no gloves)
Will    .....                   e - +0 pair of boots
Stlth   ++........              (no amulet)
HPRegen 0.19/turn               g - +6 ring of dexterity
MPRegen 0.09/turn               x - ring of poison resistance

@: brilliant
A: horns 2, retaliatory headbutt
a: no special abilities


You were on level 4 of the Dungeon.
You visited 1 branch of the dungeon, and saw 5 of its levels.

You collected 139 gold pieces.
You spent 84 gold pieces at shops.

Inventory:

Hand Weapons
 t - a +0 longbow (weapon)
Armour
 c - a +0 leather armour (worn)
 e - a +0 pair of boots (worn)
Jewellery
 g - a +6 ring of dexterity (left hand)
 x - a ring of poison resistance (right hand)
 y - a +4 ring of evasion
Wands
 i - a wand of paralysis (4)
 u - a wand of digging (7)
 w - a wand of polymorph (5)
Scrolls
 b - a scroll of brand weapon {unknown}
 f - 4 scrolls of identify {unknown}
 j - a scroll of torment {unknown}
 k - 2 scrolls of fear {unknown}
 m - 2 scrolls of teleportation {unknown}
 n - 2 scrolls of poison {unknown}
 p - a scroll of blinking {unknown}
Potions
 a - a potion of heal wounds {unknown}
 d - a potion of lignification {unknown}
 h - a potion of flight {unknown}
 l - 2 potions of curing {unknown}
 o - a potion of invisibility {unknown}
 q - a potion of mutation {unknown}
 r - 2 potions of brilliance
 s - 2 potions of ambrosia {unknown}
 v - a potion of attraction {unknown}


   Skills:
 + Level 6.4 Fighting
 + Level 7.0 Ranged Weapons
 - Level 2.1 Dodging
 - Level 0.7 Stealth


You had 5 spell levels left.
You didn't know any spells.
Your spell library contained the following spells:

 Spells                   Type           Power      Damage    Failure   Level
 Ensorcelled Hibernation  Hex/Ice        0%         N/A       67%         2
 Passwall                 Tmut/Erth      0%         N/A       67%         2
 Swiftness                Air            0%         N/A       88%         3


Dungeon Overview and Level Annotations

Branches:
Dungeon (5/15)
 Temple: D:4-7

Altars:
Sif Muna
Uskayaw

Shops:
D:2 *[(:


Innate Abilities, Weirdness & Mutations

You have a pair of horns on your head.
You reflexively headbutt those who attack you in melee.


Message History

You are too injured to fight recklessly!
You are too injured to fight recklessly!
You are too injured to fight recklessly!
You are too injured to fight recklessly!
Unknown command.
Fire: t) +0 longbow
Press: ? - help, Q - select action, (/) - cycle Shift-Dir - straight line, f/p - iguana
Aim: an iguana (severely wounded, 69% to hit)
You shoot an arrow. The arrow barely misses the iguana.
You hear a shout!
A centaur comes into view.
The iguana barely misses you. The iguana closely misses you.
An orc comes into view. It is wielding a +0 short sword.
A hound comes into view.
You hear a shout!
The iguana misses you. The iguana bites you. The orc closely misses you.
You climb upwards.
There is a stone staircase leading down here.
Fire: t) +0 longbow
Press: ? - help, Q - select action, (/) - cycle Shift-Dir - straight line, f - iguana
Aim: an iguana (severely wounded, 69% to hit)
You shoot an arrow. The arrow closely misses the iguana.
The iguana completely misses you. You furiously retaliate!
You headbutt the iguana! The orc hits you with a +0 short sword.
The iguana bites you!
* * * LOW HITPOINT WARNING * * *
The iguana bites you but does no damage.
The orc hits you but does no damage. The iguana barely misses you.
Fire: t) +0 longbow
Press: ? - help, Q - select action, (/) - cycle Shift-Dir - straight line, f/p - iguana
Aim: an iguana (severely wounded, 69% to hit)
You shoot an arrow. The arrow hits the iguana.
The iguana is severely wounded.
The iguana bites you!
* * * LOW HITPOINT WARNING * * *
The orc hits you but does no damage. The iguana misses you.
It was a potion of brilliance.
You feel clever all of a sudden. The iguana bites you.
You die...

.###.#.....#...#.........#...#
..#...#...#....#'######.##...#
..#...#####...........#.##...#
..#...#...#...........#......#
†###.#.....#..........#......#
#...###...#####.......#......#
.....#.###.#..#.......#......#
#...#...#...#.'###....########
#####...#...#.##@##...#
#...#...#...#.#llo#...#
.....#.###.#..#.♣.#...#
#)..###...##..#...#...#
.###.#.....#..##)##...#
..#...#...#.####.#######
..#...#####...#...##...##
..#...#...#.....♣....♣.>#
.###.#.....#..#)..##...##


You could see 2 iguanas and an orc.

Vanquished Creatures
  An ogre (D:4)
  A scorpion (D:4)
  An orc priest (D:4)
  A jelly (D:3)
  Ijyb (D:3)
  An iguana (D:4)
  4 gnolls (D:4)
  7 adders
  A worm (D:4)
  A dart slug (D:1)
  3 orcs (D:4)
  9 endoplasms
  2 giant cockroaches (D:2)
  9 goblins
  11 hobgoblins
  4 jackals (D:2)
  6 kobolds
  5 quokkas
  7 ball pythons
  6 bats
  3 frilled lizards (D:2)
  4 rats
88 creatures vanquished.

Notes
Turn   | Place    | Note
-------+----------+-------------------------------------------
     0 | D:1      | safid the Minotaur Hunter began the quest for the Orb.
     0 | D:1      | Reached XP level 1. HP: 18/18 MP: 0/0
   407 | D:1      | Reached XP level 2. HP: 26/26 MP: 1/1
   451 | D:1      | Found a faded altar of an unknown god.
   909 | D:2      | Reached skill level 5 in Ranged Weapons
   909 | D:2      | Reached XP level 3. HP: 31/31 MP: 2/2
  1026 | D:2      | Found Rauneykh's Antique Armour Shop.
  1071 | D:2      | Reached XP level 4. HP: 40/40 MP: 3/3
  1186 | D:2      | Found Poep's Book Emporium.
  1230 | D:2      | Found Derghipp's Weapon Emporium.
  1273 | D:2      | Bought a +0 longbow for 84 gold pieces
  1320 | D:2      | Found Ivvepluf's Assorted Antiques.
  1588 | D:3      | Noticed Ijyb
  1593 | D:3      | Killed Ijyb
  1594 | D:3      | Reached XP level 5. HP: 47/47 MP: 4/4
  1599 | D:3      | Reached skill level 5 in Fighting
  1735 | D:3      | Reached skill level 6 in Ranged Weapons
  2556 | D:4      | Reached XP level 6. HP: 57/57 MP: 5/5
  2605 | D:4      | Found a hide-covered altar of Uskayaw.
  2819 | D:4      | Found a shimmering blue altar of Sif Muna.
  2944 | D:4      | Reached skill level 7 in Ranged Weapons
  3138 | D:5      | Entered Level 5 of the Dungeon
  3147 | D:4      | HP: 2/58 [iguana (13)]
  3148 | D:4      | Slain by an iguana

Illustrated notes

Levels and vault maps discovered:
D:1:      elethiomel_arrival_quiet, layout_rooms,
          ebering_ecumenical_altar_petrified, minmay_quantized
D:2:      layout_basic, serial_shops, nicolae_shop_advertising_works
          [nicolae_subvault_shop_adworks], shop_statue,
          nicolae_shop_bloodbath_and_beyond, shop_fountains
D:3:      layout_basic, uniq_ijyb
D:4:      nicolae_cairo_tiling, layout_gridville, mainiacjoe_overflow_alcove_1,
          led_sif_pool, dreamdust_princess_corridor, grunt_ministairs_5,
          minivault_23, grunt_decor_fettered
D:5:      layout_rooms, minmay_temple_entry_tees

Skill      XL: |  1  2  3  4  5  6 |
---------------+-------------------+-----
Fighting       | 3 4 5 6 |  6.4
Ranged Weapons | 5 6 7 |  7.0
Dodging        | |  2.1
Stealth        | |  0.7

Action                   |  1- 3 |  4- 6 || total
-------------------------+-------+-------++-------
 Fire: Shortbow          |    80 |    15 ||    95
       Longbow           |       |   121 ||   121
  Use: Potion            |       |     1 ||     1
Armor: Leather armour    |     4 |    17 ||    21
Dodge: Dodged            |    25 |    39 ||    64
